 Dungeon Crawl Stone Soup version 0.30-a0-696-g2367cd04db (webtiles) character file.

Game seed: 6941271229034163100

113885 rddays123 the Warrior (level 16, -4/163 HPs)
             Began as a Hill Orc Fighter on Jan 20, 2023.
             Was a High Priest of Okawaru.
             Succumbed to Aizul's bolt of poison
             ... on level 1 of the Snake Pit on Jan 21, 2023.
             The game lasted 02:06:16 (27341 turns).

rddays123 the Warrior (Hill Orc Fighter)           Turns: 27341, Time: 02:06:16

Health: -4/163     AC: 28    Str: 25    XL:     16   Next: 64%
Magic:  26/26      EV: 10    Int:  8    God:    Okawaru [*****.]
Gold:   83         SH: 20    Dex:  8    Spells: 15/15 levels left

rFire   + . .      SeeInvis .    X - +6 broad axe (freeze)
rCold   . . .      Faith    .    C - +5 kite shield
rNeg    . . .      Spirit   .    O - +1 crystal plate armour of Godavol {Fly rPois rF+}
rPois   +          Reflect  +    r - +2 helmet
rElec   .          Harm     .    (no cloak)
rCorr   .          Rampage  .    (no gloves)
Will    ++...                    M - -1 pair of boots of Surprise {rPois Regen+} Stlth
                                 u - amulet of reflection
HPRegen 1.27/turn                e - +5 ring of evasion
MPRegen 0.20/turn                z - ring of willpower

@: lethally poisoned (-4 -> -19), flying, invisible, unable to read
A: clumsy 1, high MP 1, weak 1, inability to read after injury 1
a: Renounce Religion, Heroism, Finesse, Duel


You were on level 1 of the Snake Pit.
You worshipped Okawaru.
Okawaru was extremely pleased with you.
You visited 5 branches of the dungeon, and saw 24 of its levels.
You also visited: Ossuary and Bailey.

You collected 2530 gold pieces.
You spent 2447 gold pieces at shops.

Inventory:

Hand Weapons
 b - a +0 heavy battleaxe
 J - a +4 morningstar of venom
 N - a +2 executioner's axe of freezing
 X - a +6 broad axe of freezing (weapon)
Missiles
 v - 2 throwing nets (quivered)
Armour
 a - a +1 plate armour of cold resistance
 r - a +2 helmet (worn)
 C - a +5 kite shield (worn)
 H - the +1 chain mail of Melancholy {rElec rPois Will- Dex+5}
   (You found it on level 11 of the Dungeon)

   Dex:       It affects your dexterity (+5).
   rElec:     It insulates you from electricity.
   rPois:     It protects you from poison.
   Will:      It decreases your willpower.
 M - the -1 pair of boots of Surprise (worn) {rPois Regen+}
   (Okawaru gifted it to you on level 9 of the Dungeon)

   rPois:     It protects you from poison.
   Regen:     It increases your rate of health regeneration.
 O - the +1 crystal plate armour of Godavol (worn) {Fly rPois rF+}
   (Okawaru gifted it to you on level 14 of the Dungeon)

   rF:        It protects you from fire.
   rPois:     It protects you from poison.
   Fly:       It grants you flight.
 Q - a +1 crystal plate armour
Jewellery
 c - an amulet of faith
 e - a +5 ring of evasion (left hand)
 g - an amulet of the acrobat
 i - a ring of poison resistance
 q - a ring of see invisible
 u - an amulet of reflection (around neck)
 z - a ring of willpower (right hand)
 B - a +4 ring of protection
 K - the ring of Morality {Fire Drain rPois Slay+4 SInv}
   (You found it on level 2 of the Lair of Beasts)

   [ring of fire]

   It enhances your fire magic.
   Slay:      It affects your accuracy & damage with ranged weapons and melee
   (+4).
   rF:        It protects you from fire.
   rC:        It makes you vulnerable to cold.
   rPois:     It protects you from poison.
   SInv:      It lets you see invisible.
   Drain:     It drains your maximum health when unequipped.
 S - a ring of protection from cold
Wands
 f - a wand of flame (19)
 j - a wand of polymorph (9)
 m - a wand of mindburst (9)
 t - a wand of digging (15)
 E - a wand of roots (31)
 P - a wand of paralysis (12)
 U - a wand of quicksilver (6)
Scrolls
 l - 11 scrolls of teleportation
 n - 4 scrolls of noise
 o - 7 scrolls of identify
 s - 2 scrolls of blinking
 A - a scroll of magic mapping
 F - a scroll of fog
 V - 2 scrolls of poison
 W - a scroll of brand weapon
 Y - a scroll of fear
Potions
 h - 8 potions of curing
 k - 3 potions of heal wounds
 w - 4 potions of flight
 x - 2 potions of resistance
 y - a potion of ambrosia
 D - 5 potions of magic
 G - 6 potions of haste
 I - 2 potions of cancellation
 L - 2 potions of invisibility
 R - 3 potions of might
 T - 3 potions of brilliance
 Z - a potion of lignification


   Skills:
 + Level 20.2 Fighting
 - Level 0.4(0.5) Short Blades
 - Level 0.3(0.5) Long Blades
 - Level 19.7(19.8) Axes
 - Level 1.1(11.0) Maces & Flails
 - Level 0.2 Ranged Weapons
 + Level 14.9 Armour
 - Level 2.5 Dodging
 - Level 0.2 Stealth
 - Level 10.9 Shields
 - Level 0.3 Unarmed Combat
 - Level 0.4 Spellcasting
 - Level 0.7 Conjurations
 - Level 0.5 Hexes
 - Level 0.3 Summonings
 - Level 0.3 Necromancy
 - Level 0.2 Translocations
 - Level 0.1 Transmutations
 - Level 0.6 Fire Magic
 - Level 0.2 Ice Magic
 - Level 0.2 Air Magic
 - Level 0.3 Earth Magic
 - Level 0.4 Poison Magic
 - Level 10.5 Invocations
 - Level 0.3 Evocations


You had 15 spell levels left.
You didn't know any spells.
Your spell library contained the following spells:

 Spells                   Type           Power      Damage    Failure   Level
 Apportation              Tloc           0%         N/A       100%        1
 Foxfire                  Conj/Fire      4%         2x1d4     100%        1
 Kiss of Death            Conj/Necr      0%         2d5       100%        1
 Blink                    Tloc           0%         N/A       100%        2
 Ensorcelled Hibernation  Hex/Ice        0%         N/A       100%        2
 Lesser Beckoning         Tloc           0%         N/A       100%        2
 Passwall                 Tmut/Erth      0%         N/A       100%        2
 Static Discharge         Conj/Air       0%         2-2/arc   100%        2
 Gell's Gravitas          Tloc           0%         N/A       100%        3
 Stone Arrow              Conj/Erth      0%         3d7       100%        3
 Swiftness                Air            0%         N/A       100%        3
 Teleport Other           Tloc           0%         N/A       100%        3
 Vhi's Electric Charge    Tloc/Air       0%         N/A       100%        3
 Manifold Assault         Tloc           0%         N/A       100%        4
 Alistair's Intoxication  Tmut/Pois      0%         N/A       100%        5
 Arcjolt                  Conj/Air       0%         1d10      100%        5
 Blade Hands              Tmut           0%         N/A       100%        5
 Fireball                 Conj/Fire      0%         3d3       100%        5
 Lightning Bolt           Conj/Air       0%         1d11      100%        5
 Iron Shot                Conj/Erth      0%         9d1       100%        6
 Starburst                Conj/Fire      0%         6d3       100%        6
 Storm Form               Tmut/Air       0%         N/A       100%        7
 Lehudib's Crystal Spear  Conj/Erth      0%         10d2      100%        8
 Animate Armour           Summ/Erth      Unusable   N/A       N/A         4
 Haunt                    Necr/Summ      Unusable   N/A       N/A         7

Dungeon Overview and Level Annotations

Branches:
Dungeon (14/15)            Temple (1/1) D:5            Lair (5/5) D:10
  Swamp (0/4) Lair:3        Snake (2/4) Lair:3        Slime (0/5) Lair:5
    Orc (2/2) D:10            Elf (0/3) Orc:2        Vaults (0/5) D:13
Ossuary (visited)          Bailey (visited)

Altars:
Ashenzari
Cheibriados
Dithmenos
Elyvilon
Fedhas
Gozag
Hepliaklqana
Kikubaaqudgha
Makhleb
Nemelex Xobeh
Okawaru
Qazlal
Ru
Sif Muna
Trog
Uskayaw
Vehumet
Wu Jian
Xom
Yredelemnul
Zin
The Shining One
Beogh
Jiyva

Shops:
D:5 (   D:8 [   D:10 [   Orc:2 (=[*   Snake:1 !:*[

Portals:
Trove: D:13 (give 18 potions of curing)

Annotations:
Lair:2 exclusion: oklob plant
Snake:1 Aizul
Snake:2 Jorgrun, Louise


Innate Abilities, Weirdness & Mutations

You are clumsy. (Dex -2)
You have an increased reservoir of magic. (+10% MP)
You are weak. (Str -2)
You occasionally lose the ability to read scrolls when taking damage.


Message History

You are more poisoned.
You resist.
* * * LOW HITPOINT WARNING * * *
You hit Aizul but do no damage.
Aizul is severely wounded.
You feel very sick. Aizul casts a spell at you. The poison arrow hits you!
You are more poisoned.
You partially resist.
* * * LOW HITPOINT WARNING * * *
Aizul casts a spell at you. The bolt of poison hits you. You resist.
* * * LOW HITPOINT WARNING * * *
You miss Aizul.
Aizul is severely wounded.
* * * LOW HITPOINT WARNING * * *
You feel very sick.
Aizul coils herself and waves her upper body at you.
The bolt of poison hits you.
You are more poisoned.
You resist.
* * * LOW HITPOINT WARNING * * *
You feel much better.
* * * LOW HITPOINT WARNING * * *
You feel extremely sick. Aizul hits you.
* * * LOW HITPOINT WARNING * * *
You feel much better.
* * * LOW HITPOINT WARNING * * *
You feel extremely sick. Aizul hits you!
* * * LOW HITPOINT WARNING * * *
You block Aizul's attack.
You fade into invisibility!
* * * LOW HITPOINT WARNING * * *
You feel extremely sick. You block Aizul's attack.
Aizul attacks as you move away! Aizul hits you but does no damage.
You die...

##...#.#...#.#..## ###..#
##..............## #.....
##.........#....### #.....
##........###....# #.####
##.......#...#### ###
##....#.#.#.#.## #####
#.............#### #....
##...#.......#...######....
###....S.@................
###...>...#.............
#.........####.........
##.......#############.
#............###### ##
##.#.#.#.#........####)
#.............N.......
############..........
###########


You could see Aizul.

Vanquished Creatures
  Saint Roka (Orc:2)
  Vashnia (Snake:2)
  Frances (D:12)
  The ghost of Woigomae the Fighter, an adept OpVM of Vehumet (Snake:1)
  3 orc warlords
  Azrael (Orc:2)
  Snorg (D:12)
  A fire dragon (D:14)
  Fannar (D:12)
  A yaktaur captain (D:13)
  Harold (D:9)
  5 hydras
  An ogre mage (Orc:2)
  2 anacondas
  7 centaur warriors
  A catoblepas (D:13)
  9 two-headed ogres
  Erica (D:9)
  2 boulder beetles
  A tengu warrior (D:13)
  2 naga warriors (Snake:1)
  5 death yaks
  5 orc high priests
  9 naga sharpshooters (Snake:2)
  5 large abominations (D:14)
  A fire crab (Lair:4)
  A salamander mystic (Snake:2)
  A wizard (D:14)
  5 orc knights
  A deep elf pyromancer (D:13)
  A lindwurm (Lair:5)
  A mana viper (Snake:1)
  An ugly thing (D:13)
  4 cyclopes
  A wolf spider (D:14)
  A cyclops (shapeshifter) (D:11)
  Maurice (D:9)
  12 elephants
  5 orc sorcerers
  3 salamanders
  4 torpor snails
  21 cane toads
  Maggie (D:6)
  16 black mambas
  3 naga magi (Snake:1)
  5 kobold demonologists
  2 yaktaurs (D:13)
  6 komodo dragons
  2 unseen horrors
  3 rime drakes
  3 polar bears
  2 hornets (D:8)
  4 tyrant leeches (Lair:5)
  5 trolls
  Grinder (D:3)
  13 blink frogs
  4 dream sheep (Lair:2)
  11 slime creatures
  Sigmund (D:6)
  4 wraiths
  3 shadows
  5 wyverns
  53 yaks
  2 vampires
  7 basilisks
  4 fire elementals
  6 small abominations (D:14)
  13 vampire mosquitoes
  Menkaure (D:6)
  9 nagas
  A hell hound (Orc:2)
  2 acid dragons
  2 wargs (Orc:1)
  24 water moccasins
  The ghost of wormed the Ducker, an amateur FeCK of Xom (D:3)
  A black bear (D:7)
  46 orc warriors
  2 sky beasts (D:6)
  4 ogres
  4 ice beasts
  3 wolves (Lair:5)
  13 centaurs
  3 gnoll sergeants
  4 kobold brigands
  12 bullfrogs
  6 scorpions
  5 wights
  14 killer bees
  3 electric eels
  3 howler monkeys
  2 hounds
  5 jellies
  29 orc priests
  A gnoll bouda (D:8)
  Ijyb (D:3)
  Terence (D:3)
  21 orc wizards
  A hell rat (D:10)
  5 iguanas
  A mummy (Ossuary)
  30 gnolls
  2 adders (D:3)
  3 river rats (D:10)
  A shadow imp (D:8)
  2 white imps (D:7)
  3 worms
  A dart slug (D:2)
  126 orcs
  8 bats
  14 endoplasms
  4 giant cockroaches
  6 goblins
  7 hobgoblins
  7 jackals
  15 kobolds
  5 quokkas
  10 ball pythons
  2 frilled lizards
  10 gnoll skeletons (Ossuary)
  5 kobold skeletons (Ossuary)
  10 orc skeletons (Ossuary)
  7 rats
819 creatures vanquished.

Vanquished Creatures (others)
  A blink frog (Lair:5)
  A bush (Lair:5)
  31 fungi
  155 plants
188 creatures vanquished.

Grand Total: 1007 creatures vanquished

Notes
Turn   | Place    | Note
-------+----------+-------------------------------------------
     0 | D:1      | rddays123 the Hill Orc Fighter began the quest for the Orb.
     0 | D:1      | Reached XP level 1. HP: 19/19 MP: 1/1
   286 | D:1      | Reached XP level 2. HP: 27/27 MP: 2/2
   601 | D:1      | Reached skill level 4 in Fighting
   764 | D:2      | Reached XP level 3. HP: 28/33 MP: 3/3
  1516 | D:3      | Found a transporter.
  1519 | D:3      | Noticed wormed's ghost (amateur FeCK)
  1520 | D:3      | Found a transporter.
  1520 | D:3      | Noticed an ice beast
  1548 | D:3      | Noticed Terence
  1568 | D:3      | Killed Terence
  1569 | D:3      | Reached XP level 4. HP: 17/40 MP: 4/4
  1651 | D:3      | Reached skill level 1 in Dodging
  1695 | D:3      | Reached XP level 5. HP: 47/47 MP: 5/5
  1847 | D:3      | Noticed Grinder
  1882 | D:3      | Paralysed by Grinder for 5 turns
  1943 | D:3      | Killed Grinder
  1944 | D:3      | Reached skill level 5 in Axes
  1944 | D:3      | Reached XP level 6. HP: 39/53 MP: 6/6
  2014 | D:3      | Noticed Ijyb
  2021 | D:3      | Paralysed by Ijyb for 2 turns
  2034 | D:3      | Paralysed by Ijyb for 2 turns
  2038 | D:3      | Killed Ijyb
  2478 | D:3      | Gained mutation: Armour fits poorly on your strangely
                  | shaped body. [potion of mutation]
  2478 | D:3      | Gained mutation: Your flesh is cold resistant. (rC+)
                  | [potion of mutation]
  2478 | D:3      | Gained mutation: Your magical capacity is low. (-10% MP)
                  | [potion of mutation]
  2712 | D:4      | Found a shimmering blue altar of Sif Muna.
  2942 | D:4      | Reached XP level 7. HP: 60/60 MP: 6/6
  3142 | D:4      | Found a large runed translucent door.
  3143 | D:4      | Found a large runed translucent door.
  3447 | D:4      | Reached skill level 5 in Fighting
  3556 | D:4      | Found a hide-covered altar of Uskayaw.
  3564 | D:4      | Found a shadowy altar of Dithmenos.
  3669 | D:5      | Entered Level 5 of the Dungeon
  3669 | D:5      | Found a staircase to the Ecumenical Temple.
  3699 | Temple   | Entered the Ecumenical Temple
  3813 | Temple   | Became a worshipper of Warmaster Okawaru
  4085 | D:5      | Identified the +0 robe of the Circus Animal {Rampage rC-
                  | rN++}
  4389 | D:5      | Found Suosh's Weapon Shop.
  4565 | D:5      | Reached skill level 6 in Fighting
  4565 | D:5      | Reached XP level 8. HP: 56/70 MP: 7/7
  4971 | D:6      | Noticed Menkaure
  5116 | D:6      | Killed Menkaure
  5116 | D:6      | Reached * piety under Okawaru
  5520 | D:6      | Reached skill level 7 in Fighting
  5685 | D:6      | Found a white marble altar of Elyvilon.
  5777 | D:6      | Reached skill level 10 in Axes
  5806 | D:6      | Reached ** piety under Okawaru
  5807 | D:6      | Reached XP level 9. HP: 79/79 MP: 8/8
  5842 | D:6      | Noticed Maggie
  5846 | D:6      | Noticed Sigmund
  5858 | D:6      | Killed Maggie
  5864 | D:6      | Killed Sigmund
  5865 | D:6      | Reached skill level 5 in Shields
  6471 | D:7      | Reached skill level 8 in Fighting
  6754 | D:7      | Reached *** piety under Okawaru
  6828 | D:7      | HP: 1/81 [something (6)]
  7125 | D:7      | Killed an unseen horror
  7435 | D:8      | Found a sand-covered staircase.
  7455 | D:8      | Reached XP level 10. HP: 90/90 MP: 9/9
  7462 | Ossuary  | Entered an ossuary
  7780 | D:8      | Noticed a two-headed ogre
  7800 | D:8      | Killed a two-headed ogre
  7801 | D:8      | Reached skill level 9 in Fighting
  7877 | D:8      | Reached **** piety under Okawaru
  8013 | D:8      | Found Yroett's Antique Armour Shop.
  8092 | D:8      | Found a flagged portal.
  8100 | Bailey   | Entered a bailey
  8560 | D:8      | Lost mutation: Armour fits poorly on your strangely shaped
                  | body. [potion of mutation]
  8560 | D:8      | Lost mutation: Your magical capacity is low. (-10% MP)
                  | [potion of mutation]
  8560 | D:8      | Lost mutation: Your flesh is cold resistant. (rC+) [potion
                  | of mutation]
  8560 | D:8      | Gained mutation: You are weak. (Str -2) [potion of
                  | mutation]
  8560 | D:8      | Gained mutation: Your body sometimes deteriorates upon
                  | taking damage. [potion of mutation]
  8560 | D:8      | Gained mutation: Your flesh is cold resistant. (rC+)
                  | [potion of mutation]
  8561 | D:8      | Lost mutation: Your flesh is cold resistant. (rC+) [potion
                  | of mutation]
  8561 | D:8      | Lost mutation: You are weak. (Str -2) [potion of mutation]
  8561 | D:8      | Gained mutation: You are partially covered in iridescent
                  | scales. (AC +2) [potion of mutation]
  8561 | D:8      | Gained mutation: You are agile. (Dex +4, Str/Int -1)
                  | [potion of mutation]
  8561 | D:8      | Gained mutation: You are partially covered in large bone
                  | plates. (SH +4) [potion of mutation]
  8561 | D:8      | Gained mutation: You have hidden genetic potential. [potion
                  | of mutation]
  8669 | D:8      | Lost mutation: You are partially covered in iridescent
                  | scales. (AC +2) [potion of mutation]
  8669 | D:8      | Lost mutation: You are partially covered in large bone
                  | plates. (SH +4) [potion of mutation]
  8669 | D:8      | Lost mutation: Your body sometimes deteriorates upon taking
                  | damage. [potion of mutation]
  8669 | D:8      | Gained mutation: Your muscles are strong. (Str +4, Int/Dex
                  | -1) [potion of mutation]
  8669 | D:8      | Gained mutation: Your magical capacity is low. (-10% MP)
                  | [potion of mutation]
  8782 | D:8      | Paralysed by a hornet for 1 turns
  8784 | D:8      | Paralysed by a hornet for 3 turns
  9711 | D:9      | Noticed Erica
  9723 | D:9      | Killed Erica
  9723 | D:9      | Reached ***** piety under Okawaru
  9723 | D:9      | Identified the -1 pair of boots of Surprise {rPois Regen+}
                  | (Okawaru gifted it to you on level 9 of the Dungeon)
  9723 | D:9      | Received a gift from Okawaru
  9728 | D:9      | Reached skill level 10 in Fighting
  9754 | D:8      | Reached XP level 11. HP: 53/99 MP: 10/10
  9931 | D:9      | Identified the +1 leather armour "Ynon Ysa" {-Tele rF++
                  | Str+3 Dex+5}
 10040 | D:9      | Reached skill level 1 in Invocations
 10084 | D:9      | Noticed Maurice
 10103 | D:9      | Killed Maurice
 10167 | D:9      | Reached skill level 15 in Axes
 10286 | D:8      | Paralysed by a hornet for 2 turns
 10383 | D:9      | Noticed Harold
 10412 | D:9      | Killed Harold
 10415 | D:9      | Gained mutation: Your flesh is heat resistant. (rF+)
                  | [hidden potential]
 10848 | D:10     | Entered Level 10 of the Dungeon
 10880 | D:10     | Noticed a death yak
 11001 | D:10     | Found a staircase to the Lair.
 11254 | D:10     | Noticed a death yak
 11254 | D:10     | Noticed a death yak
 11273 | D:9      | Killed a death yak
 11290 | D:10     | Killed a death yak
 11291 | D:10     | Reached skill level 11 in Fighting
 11315 | D:10     | Killed a death yak
 11427 | D:10     | Reached skill level 5 in Invocations
 11556 | D:10     | Found a staircase to the Orcish Mines.
 11557 | D:10     | Found Xadihyomp's Armour Boutique.
 11798 | D:10     | Noticed a cyclops
 11831 | D:10     | Killed a cyclops
 12133 | Orc:1    | Entered Level 1 of the Orcish Mines
 12185 | Orc:1    | Noticed an orc warlord
 12319 | Lair:1   | Entered Level 1 of the Lair of Beasts
 12367 | Orc:1    | Noticed an orc sorcerer
 12467 | D:10     | Reached skill level 5 in Armour
 12621 | D:11     | Noticed a centaur warrior
 12625 | D:11     | Reached XP level 12. HP: 110/110 MP: 15/15
 12633 | D:11     | Killed a centaur warrior
 12756 | D:11     | Identified the +1 chain mail of Melancholy {rElec rPois
                  | Will- Dex+5}
 13477 | D:10     | Killed an orc warlord
 13495 | Lair:1   | Gained mutation: You are strong-willed. (Will+) [hidden
                  | potential]
 13495 | Lair:1   | Lost mutation: You have hidden genetic potential. [hidden
                  | potential expressed]
 14049 | Lair:1   | Noticed a boulder beetle
 14073 | Lair:1   | Killed a boulder beetle
 14073 | Lair:1   | Received a gift from Okawaru
 14126 | Lair:1   | Reached skill level 10 in Armour
 14735 | Lair:2   | Received a gift from Okawaru
 14802 | Lair:2   | Noticed a death yak
 14819 | Lair:2   | Killed a death yak
 14825 | Lair:2   | Reached XP level 13. HP: 116/116 MP: 18/18
 14932 | Lair:2   | Reached skill level 1 in Maces & Flails
 14971 | Lair:2   | Found a sacrificial altar of Ru.
 15052 | Lair:2   | Reached skill level 10 in Invocations
 15143 | D:12     | Noticed Fannar
 15344 | Lair:2   | Received a gift from Okawaru
 15345 | Lair:2   | Reached skill level 10 in Shields
 15721 | Lair:2   | Identified the ring of Morality {Fire Drain rPois Slay+4
                  | SInv}
 16066 | Lair:3   | Received a gift from Okawaru
 16083 | Lair:3   | Found a staircase to the Snake Pit.
 16491 | Lair:3   | Identified the +7 hand axe of Golden Judgement {flame,
                  | *Corrode Int+5 Dex+2} (Okawaru gifted it to you on level 3
                  | of the Lair of Beasts)
 16491 | Lair:3   | Received a gift from Okawaru
 16515 | Lair:3   | Found a staircase to the Swamp.
 17380 | Lair:4   | Reached skill level 12 in Fighting
 17810 | Lair:5   | Entered Level 5 of the Lair of Beasts
 17953 | Lair:5   | Reached skill level 13 in Fighting
 17962 | Lair:5   | Reached XP level 14. HP: 128/129 MP: 13/19
 17964 | Lair:5   | Received a gift from Okawaru
 18040 | Lair:5   | Reached skill level 14 in Fighting
 18271 | Lair:5   | Reached skill level 15 in Fighting
 19041 | Lair:5   | Received a gift from Okawaru
 19068 | Lair:5   | Found a staircase to the Slime Pits.
 19069 | Lair:5   | Found a viscous altar of Jiyva.
 19571 | Lair:5   | Received a gift from Okawaru
 20216 | D:3      | Killed wormed's ghost
 20397 | Orc:1    | Reached ****** piety under Okawaru
 20598 | Orc:1    | Noticed an orc warlord
 20743 | Orc:1    | Killed an orc warlord
 20805 | Orc:1    | Found an iron altar of Okawaru.
 20875 | Orc:2    | Entered Level 2 of the Orcish Mines
 20875 | Orc:2    | Found a staircase to the Elven Halls.
 20883 | Orc:1    | Received a gift from Okawaru
 20884 | Orc:1    | Reached skill level 16 in Fighting
 20899 | Orc:1    | Reached XP level 15. HP: 67/144 MP: 20/20
 21154 | Orc:2    | Noticed Azrael
 21232 | Orc:2    | Killed Azrael
 21436 | Orc:2    | Noticed Saint Roka
 21581 | Orc:2    | Killed Saint Roka
 21815 | Orc:2    | Gained mutation: You are occasionally teleported next to
                  | monsters. [a neqoxec]
 21819 | Orc:2    | Received a gift from Okawaru
 21953 | Orc:2    | Reached skill level 17 in Fighting
 21980 | Orc:2    | Noticed an orc warlord
 22060 | Orc:1    | Killed an orc warlord
 22065 | Orc:1    | Found a roughly hewn altar of Beogh.
 22917 | Orc:2    | Found Qer Zyn's General Store.
 22918 | Orc:2    | Found Illats's Jewellery Emporium.
 22920 | Orc:2    | Found Sumiur's Antique Armour Emporium.
 22920 | Orc:2    | Found Uhuav's Antique Weapon Shoppe.
 22937 | Orc:2    | Bought a ring of protection from cold for 275 gold pieces
 22939 | Orc:2    | Lost mutation: Your flesh is heat resistant. (rF+) [potion
                  | of mutation]
 22939 | Orc:2    | Lost mutation: You are agile. (Dex +4, Str/Int -1) [potion
                  | of mutation]
 22939 | Orc:2    | Gained mutation: Your mind is acute. (Int +4, Str/Dex -1)
                  | [potion of mutation]
 22939 | Orc:2    | Gained mutation: You have supernaturally acute eyesight.
                  | (SInv) [potion of mutation]
 22940 | Orc:2    | Lost mutation: Your muscles are strong. (Str +4, Int/Dex
                  | -1) [potion of mutation]
 22940 | Orc:2    | Lost mutation: You have supernaturally acute eyesight.
                  | (SInv) [potion of mutation]
 22940 | Orc:2    | Lost mutation: Your mind is acute. (Int +4, Str/Dex -1)
                  | [potion of mutation]
 22940 | Orc:2    | Gained mutation: Your system is resistant to poisons.
                  | (rPois) [potion of mutation]
 22940 | Orc:2    | Gained mutation: You are dopey. (Int -2) [potion of
                  | mutation]
 22940 | Orc:2    | Gained mutation: Your magical capacity is very low. (-20%
                  | MP) [potion of mutation]
 22941 | Orc:2    | Lost mutation: Your magical capacity is very low. (-20% MP)
                  | [potion of mutation]
 22941 | Orc:2    | Lost mutation: Your magical capacity is low. (-10% MP)
                  | [potion of mutation]
 22941 | Orc:2    | Lost mutation: Your system is resistant to poisons. (rPois)
                  | [potion of mutation]
 22941 | Orc:2    | Gained mutation: You have hidden genetic defects. [potion
                  | of mutation]
 22941 | Orc:2    | Gained mutation: You are robust. (+10% HP) [potion of
                  | mutation]
 22941 | Orc:2    | Lost mutation: You are dopey. (Int -2) [potion of mutation]
 22942 | Orc:2    | Lost mutation: You are occasionally teleported next to
                  | monsters. [potion of mutation]
 22942 | Orc:2    | Lost mutation: You are strong-willed. (Will+) [potion of
                  | mutation]
 22942 | Orc:2    | Lost mutation: You are robust. (+10% HP) [potion of
                  | mutation]
 22942 | Orc:2    | Gained mutation: You are clumsy. (Dex -2) [potion of
                  | mutation]
 22942 | Orc:2    | Gained mutation: You have an increased reservoir of magic.
                  | (+10% MP) [potion of mutation]
 23142 | D:12     | Killed Fannar
 23268 | D:12     | Noticed Snorg
 23281 | D:12     | Killed Snorg
 23283 | D:12     | Reached skill level 18 in Fighting
 23394 | D:12     | Noticed Frances
 23404 | D:12     | Killed Frances
 23704 | D:13     | Found a portal to a secret trove of treasure.
 23814 | D:13     | Gained mutation: You occasionally lose the ability to read
                  | scrolls when taking damage. [hidden defects]
 24061 | D:8      | Bought a glowing crystal plate armour for 1660 gold pieces
 24166 | D:13     | Found a gate to the Vaults.
 24462 | D:13     | Reached XP level 16. HP: 135/159 MP: 26/26
 24568 | D:14     | Identified the +1 crystal plate armour of Godavol {Fly
                  | rPois rF+} (Okawaru gifted it to you on level 14 of the
                  | Dungeon)
 24568 | D:14     | Received a gift from Okawaru
 24578 | D:14     | Reached skill level 19 in Fighting
 24671 | D:14     | Gained mutation: You are weak. (Str -2) [hidden defects]
 24671 | D:14     | Lost mutation: You have hidden genetic defects. [hidden
                  | defects expressed]
 25368 | D:14     | Got the Notes on the Undead Storm
 25583 | Snake:1  | Entered Level 1 of the Snake Pit
 25585 | Snake:1  | Found Yghirukk's Armour Shoppe.
 25670 | Snake:1  | Noticed Woigomae's ghost (adept OpVM)
 25673 | Snake:1  | Found a runed translucent door.
 25701 | Snake:1  | Killed Woigomae's ghost
 25763 | Snake:1  | Identified the +5 quarterstaff of Tinum {spect, SInv}
 26213 | Snake:1  | Found Sagg's Gadget Gallery.
 26402 | Snake:1  | Found Xyotoox's Book Emporium.
 26405 | Snake:1  | Found Runocw's Distillery.
 26417 | Snake:1  | Bought a potion of haste for 160 gold pieces
 26417 | Snake:1  | Bought a potion of curing for 48 gold pieces
 26417 | Snake:1  | Bought a potion of curing for 48 gold pieces
 26417 | Snake:1  | Bought a potion of cancellation for 128 gold pieces
 26417 | Snake:1  | Bought a potion of invisibility for 128 gold pieces
 26715 | Snake:2  | Noticed Vashnia
 26729 | Snake:2  | Killed Vashnia
 26730 | Snake:2  | Reached skill level 20 in Fighting
 26898 | Snake:2  | Noticed Aizul
 26904 | Snake:2  | Noticed Jorgrun
 27115 | Snake:2  | Noticed Louise
 27307 | Snake:2  | Identified the +3 scale mail of Polytheism {rC++ Will+}
                  | (Okawaru gifted it to you on level 2 of the Snake Pit)
 27307 | Snake:2  | Received a gift from Okawaru
 27337 | Snake:1  | HP: 4/163 [Aizul/bolt of poison (5)]
 27340 | Snake:1  | HP: 1/163 [poisoned by Aizul (bolt of poison)]
 27341 | Snake:1  | Succumbed to Aizul's bolt of poison

Illustrated notes

Levels and vault maps discovered:
D:1:      dpeg_arrival_simpleton_b, layout_loops_ring, serial_bayou_crossing
D:2:      layout_basic
D:3:      layout_basic, gammafunk_ghost_arena, kennysheep_generic_room_3,
          uniq_ijyb, uniq_grinder, uniq_terence
D:4:      layout_rooms, mainiacjoe_overflow_tiny_flanked, jmf_multi_god_temple2,
          serial_rivers, chequers_serial_rivers_micro_e,
          chequers_serial_rivers_micro_c, chequers_serial_rivers_micro_e,
          chequers_serial_rivers_room_b, chequers_serial_rivers_micro_a,
          chequers_serial_rivers_small_3
D:5:      layout_loops_cross, minmay_temple_entry_statues_pillars, serial_shops,
          kennysheep_mini_moat
D:6:      layout_basic, elyvilon_altar_4, uniq_menkaure, uniq_sigmund,
          uniq_maggie
D:7:      layout_loops_ring
D:8:      layout_loops_ring, serial_shops, shop, nicolae_ossuary_entry_plus,
          enter_bailey_2
D:9:      layout_loops_ring, uniq_maurice, uniq_erica, uniq_harold
D:10:     layout_irregular_city, dpeg_lair_monsters, orc_david_3,
          kennysheep_generic_room_12
D:11:     layout_roguey
D:12:     layout_cave_pools, uniq_fannar, uniq_frances, uniq_snorg
D:13:     layout_cave_pools, david_vaults_2, enter_trove_1
D:14:     layout_irregular_city, laboratory
Temple:   regret_index_temple_mists
Lair:1:   layout_small_grid, grunt_megastairs_1, infiniplex_staircase_pool
Lair:2:   nzn_winding_woodlands_large [nzn_winding_woodlands_5x5_cross,
          nzn_winding_woodlands_5x15_lazy_stream,
          nzn_winding_woodlands_5x5_perimeter,
          nzn_winding_woodlands_center_triple_pond,
          nzn_winding_woodlands_15x15_eel_pit,
          nzn_winding_woodlands_center_garden,
          nzn_winding_woodlands_5x5_open_star,
          nzn_winding_woodlands_5x15_zeroes,
          nzn_winding_woodlands_5x5_closed_star], layout_chaotic_city,
          basic_altar, serial_bayou_pond_a, chequers_serial_rivers_micro_e,
          infiniplex_staircase_pool_2, lemuel_fruit_fields
Lair:3:   layout_regular_city, minmay_swamp_entry_swarm,
          minmay_snake_entry_six_corridors, serial_bayou_lagoon_a
Lair:4:   layout_roguey, lemuel_fruit_tree, serial_bayou_shore_a,
          lemuel_fruit_fields
Lair:5:   minmay_lair_end_frog_pond, layout_regular_city,
          nicolae_slime_entry_slimehenge
Snake:1:  layout_onion_interference, serial_shops, shop,
          hellmonk_ghost_happy_afterlife, st_stairs_4, nicolae_shop_gadgets,
          minmay_shop_star
Snake:2:  layout_gridlike, uniq_louise, uniq_vashnia, uniq_aizul, uniq_jorgrun
Orc:1:    cheibrodos_orc_arena, layout_caves, basic_altar,
          okawaru_metal_pillars_1_2
Orc:2:    st_orc_congregation, layout_caves, uniq_azrael, uniq_saint_roka

Skill      XL: |  1  2  3  4  5  6  7  8  9 10 11 12 13 14 15 16 |
---------------+-------------------------------------------------+-----
Axes           | 3 4 5 6 8 10 12 14 16 17 18 19 | 19.7
Fighting       | 4 6 7 8 10 11 13 16 18 20 | 20.2
Dodging        | 1 2 |  2.5
Armour         | 4 5 11 12 13 14 | 14.9
Shields        | 4 6 9 10 | 10.9
Invocations    | 7 9 10 | 10.5
Maces & Flails | 1 |  1.1
Short Blades   | |  0.4
Long Blades    | |  0.3
Ranged Weapons | |  0.2
Stealth        | |  0.2
Unarmed Combat | |  0.3
Spellcasting   | |  0.4
Conjurations   | |  0.7
Hexes          | |  0.5
Summonings     | |  0.3
Necromancy     | |  0.3
Translocations | |  0.2
Transmutations | |  0.1
Fire Magic     | |  0.6
Ice Magic      | |  0.2
Air Magic      | |  0.2
Earth Magic    | |  0.3
Poison Magic   | |  0.4
Evocations     | |  0.3

Action                   |  1- 3 |  4- 6 |  7- 9 | 10-12 | 13-15 | 16-18 || total
-------------------------+-------+-------+-------+-------+-------+-------++-------
Melee: War axe           |   134 |    74 |   353 |   869 |   514 |       ||  1944
       Unarmed           |       |    10 |       |       |       |       ||    10
       Morningstar       |       |       |       |       |   157 |       ||   157
       Broad axe         |       |       |       |       |   595 |   266 ||   861
Invok: Heroism           |       |       |     2 |     9 |    13 |     1 ||    25
       Finesse           |       |       |       |     2 |    12 |     1 ||    15
  Use: Scroll            |       |     3 |     7 |    13 |    14 |     7 ||    44
       Potion            |       |     1 |     3 |     7 |     4 |     6 ||    21
 Stab: Distracted        |       |       |       |       |       |     1 ||     1
Armor: Scale mail        |    68 |    29 |     7 |       |       |       ||   104
       Chain mail        |       |       |   131 |   212 |     1 |       ||   344
       Skin              |       |       |       |     5 |       |       ||     5
       Plate armour      |       |       |       |     6 |   456 |    13 ||   475
       Crystal plate arm |       |       |       |       |       |   129 ||   129
Dodge: Dodged            |    57 |    28 |   219 |   400 |   684 |    97 ||  1485
Block: Buckler           |    38 |    10 |    38 |       |       |       ||    86
       Kite shield       |       |       |    78 |   420 |   775 |   217 ||  1490
       Reflection        |       |       |       |       |       |    46 ||    46

Table legend: (Time is in decaauts)
 A = Elapsed time spent in this place.
 B = Non-inter-level travel time spent in this place.
 C = Inter-level travel time spent in this place.
 D = Time resting spent in this place.
 E = Time spent auto-exploring this place.
 F = Levels seen in this place.
 G = Mean time per level.
                   A        B        C        D        E       F      G
               +--------+--------+--------+--------+--------+-----+--------+
         Total |  27327 |  25623 |   1704 |   4315 |  12468 |  26 | 1051.0 |
       Dungeon |  15589 |  14386 |   1203 |   2858 |   7598 |  14 | 1113.5 |
        Temple |    189 |    168 |     21 |      0 |      0 |   1 |  189.0 |
          Lair |   6408 |   6006 |    402 |    669 |   2985 |   5 | 1281.6 |
     Snake Pit |   1703 |   1691 |     12 |    246 |    856 |   2 |  851.5 |
  Orcish Mines |   2690 |   2626 |     64 |    475 |    923 |   2 | 1345.0 |
       Ossuary |    297 |    297 |      0 |     33 |      0 |   1 |  297.0 |
        Bailey |    447 |    447 |      0 |     34 |    105 |   1 |  447.0 |
               +--------+--------+--------+--------+--------+-----+--------+

Top non-repeatable levels by time:
  Lair:5: 1893 daAuts
     D:8: 1754 daAuts
     D:6: 1611 daAuts
    D:10: 1580 daAuts
   Orc:2: 1481 daAuts
     D:3: 1438 daAuts
     D:9: 1356 daAuts
 Snake:1: 1269 daAuts
  Lair:1: 1267 daAuts
   Orc:1: 1209 daAuts
     D:5: 1198 daAuts
  Lair:2: 1112 daAuts
    D:11: 1089 daAuts
  Lair:3: 1088 daAuts
  Lair:4: 1047 daAuts
